 Dungeon Crawl Stone Soup version 0.22.1-1-ga44c0e56f4 (webtiles) character file.

356 Naru the Poker (level 6, 0/42 HPs)
             Began as an Octopode Fighter on Nov 7, 2018.
             Slain by a phantom (5 damage)
             ... on level 4 of the Dungeon.
             The game lasted 00:08:05 (3744 turns).

Naru the Poker (Octopode Fighter)                   Turns: 3744, Time: 00:08:06

Health: 0/42       AC:  1    Str: 15    XL:     6   Next: 63%
Magic:  6/6        EV: 12    Int: 12    God:
Gold:   130        SH: 10    Dex: 12    Spells: 5/5 levels left

rFire    . . .     SeeInvis .   a - +0 trident
rCold    . . .     Gourm    .   b - +1 shield
rNeg     . . .     Faith    .   (helmet restricted)
rPois    .         Spirit   .   (no amulet)
rElec    .         Reflect  .   (no ring)
rCorr    .         Harm     .   (no ring)
MR       .....                  (no ring)
Stlth    ++++......             (no ring)
HPRegen  0.14/turn              (no ring)
MPRegen  0.10/turn              (no ring)
                                (no ring)
                                (no ring)

@: no status effects
A: almost no armour, stealthy swim, amphibious, 8 rings, constrict 8, camouflage
1, gelatinous body 1
a: no special abilities


You were on level 4 of the Dungeon.
You were not hungry.

You visited 1 branch of the dungeon, and saw 4 of its levels.

You collected 130 gold pieces.

Inventory:

Hand Weapons
 a - a +0 trident (weapon)
Missiles
 g - 49 bolts
 o - 9 poisoned needles
 q - 5 tomahawks (quivered)
 s - 107 stones
Armour
 b - a +1 shield (worn)
Scrolls
 f - a scroll of identify
 i - 2 scrolls of remove curse
Potions
 c - a potion of might
 e - a potion of resistance
 h - a potion of agility {unknown}
 j - 3 potions of curing
 l - 2 potions of heal wounds {unknown}
 r - 2 potions of magic
Comestibles
 d - 6 rations
 k - 2 chunks of flesh


   Skills:
 + Level 3.6 Fighting
 * Level 4.5 Polearms
 + Level 3.5 Dodging
 * Level 4.4 Stealth
 * Level 3.8 Shields


You had 5 spell levels left.
You didn't know any spells.
Your spell library was empty.

Dungeon Overview and Level Annotations

Branches:
Dungeon (4/15)
 Temple: D:4-7

Altars:
Cheibriados
Kikubaaqudgha
Nemelex Xobeh

Annotations:
D:3 Robin


Innate Abilities, Weirdness & Mutations

You cannot wear most types of armour.
You are very stealthy in the water. (Stealth+)
You are amphibious.
You can wear up to eight rings at the same time.
You can use your tentacles to constrict eight enemies at once.
Your skin changes colour to match your surroundings (Stealth+).
Your rubbery body absorbs attacks. (AC +1, EV +1)


Message History

You hit the phantom.
The phantom is severely damaged.
The phantom closely misses you.
You barely miss the phantom.
The phantom is severely damaged.
The phantom blinks!
The phantom hits you!
The phantom blinks!
The phantom blinks!
The phantom barely misses you.
You miss the phantom.
The phantom is severely damaged.
The phantom hits you!
* * * LOW HITPOINT WARNING * * *
You closely miss the phantom.
The phantom is heavily damaged.
The phantom completely misses you.
You miss the phantom.
The phantom is heavily damaged.
You block the phantom's attack. The phantom hits you.
You die...

#..#
#.......[....#
####
#............#
#............#
#............#
.....##)########
####. #.# .. #)#
#. #.##########
#. #.@W.......#
##########.# #.#
#.# #.# #.# #.#
#.# #.########


You could see a phantom.

Vanquished Creatures
  A scorpion (D:4)
  3 orc priests
  An iguana (D:3)
  A worker ant (D:3)
  6 adders
  3 oozes
  A worm (D:2)
  2 dart slugs (D:1)
  4 leopard geckos
  6 orcs
  A ball python (D:2)
  7 giant cockroaches
  8 goblins
  12 hobgoblins
  6 jackals (D:1)
  A quokka (D:3)
  8 bats
  13 frilled lizards
  6 kobolds
  7 rats
97 creatures vanquished.

Notes
Turn   | Place    | Note
-------+----------+-------------------------------------------
     0 | D:1      | Naru the Octopode Fighter began the quest for the Orb.
     0 | D:1      | Reached XP level 1. HP: 16/16 MP: 1/1
   292 | D:1      | Reached XP level 2. HP: 14/21 MP: 2/2
   419 | D:1      | Reached skill level 1 in Stealth
   570 | D:1      | Reached XP level 3. HP: 24/26 MP: 3/3
  1641 | D:2      | Reached XP level 4. HP: 31/31 MP: 4/4
  2167 | D:3      | Reached XP level 5. HP: 22/36 MP: 5/5
  2662 | D:3      | Noticed Robin
  2691 | D:3      | Reached XP level 6. HP: 30/42 MP: 6/6
  2905 | D:3      | Found a snail-covered altar of Cheibriados.
  2933 | D:3      | Found a sparkling altar of Nemelex Xobeh.
  3022 | D:3      | Found an ancient bone altar of Kikubaaqudgha.
  3697 | D:4      | Noticed a phantom
  3744 | D:4      | Slain by a phantom

Skill      XL: |  1  2  3  4  5  6 |
---------------+-------------------+-----
Stealth        | 1 2 3 4 |  4.4
Polearms       | 3 4 |  4.5
Fighting       | |  3.6
Dodging        | |  3.5
Shields        | |  3.8

Action                   |  1- 3 |  4- 6 || total
-------------------------+-------+-------++-------
Melee: Trident           |    69 |   145 ||   214
       Constrict         |    12 |    22 ||    34
       Tentacles         |     9 |    16 ||    25
Throw: Tomahawk          |       |     4 ||     4
  Use: Scroll            |       |     6 ||     6
 Stab: Sleeping          |     6 |    11 ||    17
  Eat: Chunk             |     2 |     7 ||     9
Armor: Skin              |     2 |     3 ||     5
Dodge: Dodged            |    39 |    40 ||    79
Block: Shield            |    25 |    46 ||    71
